AoeStats
← Morgoth_Ak

Arena

506843862Analyzed
1v1 RM · 18d ago on Sep 15, 2026· 62m 12s· 2 players
Game mode
Random Map
Map size
Tiny (2 player)
Population
200
Speed
Normal
Resources
Standard
Victory
Conquest
Starting age
Dark Age
Ending age
Imperial Age
RankedLock teamsTeams togetherTeam positionsShared explorationLock speedFull tech treeHidden civsTurbo modeCheats
Victory
Defeat
🇫🇷 Mongols · France
1134
+15
🇮🇳 Georgians · India
1104
-15
Direwolf-II
10:29 Feudal Age
14:38 Castle Age
13:17 Double-Bit Axe
13:22 Horse Collar
15:23 Heavy Plow
19:26 Bow Saw
20:27 Gold Mining
20:31 Stone Mining
21:52 Wheelbarrow
22:28 Stone Shaft Mining
23:27 Hand Cart
23:47 Loom
23:50 Town Watch
25:47 Town Patrol
30:47 Imperial Age
30:06 Forging
30:02 Scale Barding Armor
31:02 Bloodlines
30:52 Husbandry
31:28 Iron Casting
30:18 Elite Skirmisher
30:53 Fletching
31:03 Padded Archer Armor
33:10 Chain Barding Armor
33:51 Blast Furnace
32:28 Light Cavalry
33:05 Cavalier
34:03 Bodkin Arrow
34:24 Leather Archer Armor
36:15 Chemistry
37:26 Conscription
38:42 Bracer
41:33 Crop Rotation
42:07 Aznauri Cavalry
43:23 Plate Barding Armor
47:10 Pikeman
47:51 Squires
47:52 Scale Mail Armor
48:03 Halberdier
48:30 Arson
51:38 Chain Mail Armor
53:20 Plate Mail Armor
59:30 Light Cavalry
Morgoth_Ak
2:55 Loom
10:35 Feudal Age
10:49 Feudal Age
14:53 Castle Age
13:56 Double-Bit Axe
13:53 Horse Collar
20:13 Wheelbarrow
23:13 Stone Mining
25:49 Hand Cart
25:21 Town Watch
29:29 Imperial Age
31:18 Nomads
31:39 Conscription
32:08 Capped Ram
32:57 Gold Mining
33:43 Stone Shaft Mining
33:37 Scale Barding Armor
33:33 Padded Archer Armor
33:23 Fletching
33:36 Scale Mail Armor
33:46 Forging
34:20 Onager
36:41 Chain Mail Armor
36:46 Chain Barding Armor
36:22 Bodkin Arrow
37:12 Gold Shaft Mining
38:52 Bloodlines
38:48 Husbandry
38:09 Light Cavalry
39:34 Ballistics
40:15 Chemistry
42:18 Hussar
44:04 Iron Casting
43:59 Plate Mail Armor
43:31 Bracer
43:47 Leather Archer Armor
43:42 Pikeman
44:23 Squires
45:35 Drill
47:55 Blast Furnace
52:08 Parthian Tactics
51:49 Thumb Ring
52:35 Masonry
52:36 Fortified Wall
Connection lost

Rejoining the realm…

Still unreachable

The connection could not be restored.

Session expired

The server has moved on; the page needs a fresh start.